 Dungeon Crawl Stone Soup version 0.27.0-66-gdc8fb28755 (webtiles) character file.

Game seed: 7067986147898942272

172 hawla the Grave Robber (level 5, 0/29 HPs)
             Began as a Deep Elf Necromancer on Aug 19, 2021.
             Slain by a gnoll (6 damage)
             ... on level 3 of the Dungeon.
             The game lasted 00:08:21 (2856 turns).

hawla the Grave Robber (Deep Elf Necromancer)       Turns: 2856, Time: 00:08:21

Health: 0/29       AC:  6    Str:  5    XL:     5   Next: 27%
Magic:  0/13       EV: 13    Int: 21    God:
Gold:   64         SH:  0    Dex: 19    Spells: 4/12 levels left

rFire    + . .     SeeInvis .   e - +0 short sword (holy)
rCold    . . .     Faith    .   (no shield)
rNeg     . . .     Spirit   .   a - +0 robe
rPois    .         Reflect  .   (no helmet)
rElec    .         Harm     .   (no cloak)
rCorr    .         Rampage  .   c - +0 pair of gloves
Will     .....                  b - +2 pair of boots "Siutea" {Dex+4}
Stlth    +++.......             (no amulet)
HPRegen  0.09/turn              j - ring of protection from fire
MPRegen  0.13/turn              (no ring)

@: no status effects
A: no striking features
a: no special abilities


You were on level 3 of the Dungeon.
You visited 1 branch of the dungeon, and saw 3 of its levels.

You collected 64 gold pieces.

Inventory:

Hand Weapons
 e - a +0 short sword of holy wrath (weapon)
Armour
 a - a +0 robe (worn)
 b - the +2 pair of boots "Siutea" (worn) {Dex+4}
   (You acquired it on level 2 of the Dungeon)

   Dex:       It affects your dexterity (+4).
 c - a +0 pair of gloves (worn)
Jewellery
 j - a ring of protection from fire (left hand)


   Skills:
 + Level 1.3 Fighting
 + Level 3.3 Dodging
 + Level 3.2 Stealth
 - Level 4.0 Spellcasting
 + Level 6.1 Necromancy
 + Level 1.4 Earth Magic


You had 4 spell levels left.
You knew the following spells:

 Your Spells              Type           Power      Damage    Failure   Level
a - Pain                  Necr           100%       1d9       1%          1
b - Vampiric Draining     Necr           15%        2d8       3%          3
c - Animate Dead          Necr           15%        N/A       10%         4

Your spell library contained the following spells:

 Spells                   Type           Power      Damage    Failure   Level
 Animate Skeleton         Necr           60%        N/A       1%          1
 Ozocubu's Armour         Ice            4%         N/A       34%         3
 Agony                    Necr           30%        N/A       26%         5
 Ozocubu's Refrigeration  Ice            2%         4d5       100%        7


Dungeon Overview and Level Annotations

Branches:
Dungeon (3/15)

Altars:
Ashenzari

Annotations:
D:3 Grinder


Message History

Unknown command.
Casting: Pain (safe; 1% risk of failure)
Confirm with . or Enter, or press ? or * to list all spells.
Aiming: Pain (safe; 1% risk of failure)
Press: ? - help, Shift-Dir - straight line, f/p - gnoll
Aim: a gnoll, wielding a +0 flail (heavily wounded, chance to affect: 89%)
The gnoll writhes in agony.
Casting: Pain (safe; 1% risk of failure)
Confirm with . or Enter, or press ? or * to list all spells.
Aiming: Pain (safe; 1% risk of failure)
Press: ? - help, Shift-Dir - straight line, f/p - gnoll
Aim: a gnoll, wielding a +0 flail (almost dead, chance to affect: 89%)
The gnoll writhes in agony!
You kill the gnoll!
The gnoll barely misses you. The gnoll misses you.
You see here a +0 flail.
You hit the gnoll.
The gnoll is lightly wounded.
The gnoll misses you.
You hit the gnoll but do no damage.
The gnoll is lightly wounded.
The gnoll hits you with a +0 halberd!
You aren't carrying any potions.
Unknown command.
You aren't carrying any items that you can evoke.
You hit the gnoll.
The gnoll is moderately wounded.
The gnoll hits you with a +0 halberd.
* * * LOW HITPOINT WARNING * * *
You hit the gnoll but do no damage.
The gnoll is moderately wounded.
The gnoll barely misses you.
Casting: Pain (safe; 1% risk of failure)
Confirm with . or Enter, or press ? or * to list all spells.
Aiming: Pain (safe; 1% risk of failure)
Press: ? - help, Shift-Dir - straight line, f - gnoll
Aim: a gnoll, wielding a +0 halberd (moderately wounded, chance to affect: 89%)
The gnoll writhes in agony.
The gnoll hits you with a +0 halberd.
You die...

#.# #.# #.# #.# #.#
#.##.........# ..
#.##.........# ..
#########.##.........# (.
..>..))g@.##.........# ..
.###########.........##..
...............
#...........## #....b...
#.####.## ##.#......
#..#......
######..#......


You could see a gnoll.

Vanquished Creatures
  A kobold brigand (D:3)
  3 gnolls (D:3)
  4 adders
  A dart slug (D:3)
  4 orcs (D:3)
  2 bats (D:1)
  An endoplasm (D:2)
  2 giant cockroaches (D:3)
  2 goblins
  4 hobgoblins
  2 jackals (D:1)
  A quokka (D:1)
  2 ball pythons
  A frilled lizard (D:3)
  A kobold (D:1)
  3 rats
34 creatures vanquished.

Notes
Turn   | Place    | Note
-------+----------+-------------------------------------------
     0 | D:1      | hawla the Deep Elf Necromancer began the quest for the Orb.
     0 | D:1      | Reached XP level 1. HP: 10/10 MP: 6/6
    39 | D:1      | Found a faded altar of an unknown god.
    41 | D:1      | Reached skill level 5 in Necromancy
   589 | D:1      | Reached XP level 2. HP: 14/15 MP: 6/8
   992 | D:2      | Identified a scroll of acquirement
   992 | D:2      | Acquired the +2 pair of boots "Siutea" {Dex+4}
  1109 | D:2      | Reached skill level 1 in Earth Magic
  1109 | D:2      | Reached XP level 3. HP: 11/20 MP: 0/9
  1113 | D:2      | Learned a level 3 spell: Vampiric Draining
  1623 | D:3      | Noticed a kobold brigand
  1635 | D:3      | Killed a kobold brigand
  1636 | D:3      | Reached skill level 1 in Fighting
  1636 | D:3      | Reached skill level 6 in Necromancy
  1636 | D:3      | Reached XP level 4. HP: 25/25 MP: 0/12
  1959 | D:3      | Noticed Grinder
  1964 | D:3      | Paralysed by Grinder for 6 turns
  1980 | D:3      | HP: 1/25 [something/nerve-wracking pain (12)]
  2563 | D:3      | Found a broken altar of Ashenzari.
  2643 | D:3      | Reached XP level 5. HP: 25/29 MP: 10/13
  2649 | D:3      | Learned a level 4 spell: Animate Dead
  2856 | D:3      | Slain by a gnoll

Illustrated notes

Levels and vault maps discovered:
D:1:      lightli_arrival_statue_moat, layout_loops_ring,
          shapermc_ecumenical_altar_petra, nrook_loot_triangle
D:2:      layout_rooms
D:3:      layout_basic, lemuel_tele_altar, led_sif_pool,
          chequers_temple_overflow_statue_of_worship, uniq_grinder

Skill      XL: |  1  2  3 |
---------------+----------+-----
Necromancy     | 5 6 |  6.1
Earth Magic    | 1 |  1.4
Stealth        | 3 |  3.2
Dodging        | 3 |  3.3
Fighting       | 1 |  1.3
Spellcasting   | 4 |  4.0

Action                   |  1- 3 |  4- 6 || total
-------------------------+-------+-------++-------
Melee: Unarmed           |     3 |       ||     3
       Short sword       |       |    26 ||    26
Throw: Dart              |       |     1 ||     1
 Cast: Pain              |    41 |    23 ||    64
       Vampiric Draining |     1 |     1 ||     2
       Animate Dead      |       |     2 ||     2
  Use: Scroll            |     3 |     1 ||     4
       Potion            |     2 |     3 ||     5
 Stab: Sleeping          |       |     1 ||     1
Armor: Skin              |     8 |       ||     8
       Robe              |     3 |    14 ||    17
Dodge: Dodged            |     5 |    23 ||    28
